 Dungeon Crawl Stone Soup version 0.23.2-30-g0e89c35 (webtiles) character file.

Game seed: 9730153792947336247

63 Kyoukon the Poker (level 4, 0/52 HPs)
             Began as a Human Berserker on June 15, 2019.
             Was a Believer of Trog.
             Killed from afar by Robin (12 damage)
             ... with a wand of flame (17)
             ... on level 2 of the Dungeon.
             The game lasted 00:20:37 (1398 turns).

Kyoukon the Poker (Human Berserker)                 Turns: 1398, Time: 00:20:38

Health: 0/52       AC: 22    Str: 18    XL:     4   Next: 31%
Magic:  4/4        EV:  2    Int:  8    God:    Trog [**....]
Gold:   41         SH:  0    Dex: 12    Spells: 3/3 levels left

rFire    . . .     SeeInvis .   a - +0 spear
rCold    . . .     Gourm    .   (no shield)
rNeg     + + +     Faith    .   (armour currently unavailable)
rPois    +         Spirit   .   (helmet currently unavailable)
rElec    .         Reflect  .   (cloak currently unavailable)
rCorr    .         Harm     .   (gloves currently unavailable)
MR       .....     NoTele   +   (boots currently unavailable)
Stlth    ++........             (no amulet)
HPRegen  0.17/turn              n - ring of poison resistance
MPRegen  0.09/turn              (no ring)

@: tree-form, berserk cooldown, slowed, very slow
A: no striking features
a: Berserk, Trog's Hand, Renounce Religion


You were on level 2 of the Dungeon.
You worshipped Trog.
Trog was pleased with you.
You were not hungry.
You were a tree.
You visited 1 branch of the dungeon, and saw 2 of its levels.

You collected 41 gold pieces.

Inventory:

Hand Weapons
 a - a +0 spear (weapon)
 d - a +0 dagger
 i - a +0 club
 j - a +0 dagger
 k - a +0 club
 l - a +0 dagger
 m - a +0 club
 r - a +0 club
 s - a +0 club
 t - a +0 dagger
 v - a +0 club
 w - a cursed +0 club
 x - a +1 vampiric war axe
 y - a +0 dagger
Missiles
 g - 82 stones (quivered)
 q - 5 arrows
Armour
 b - a +0 animal skin (melded)
Jewellery
 n - a ring of poison resistance (left branch)
Scrolls
 h - a scroll of remove curse {unknown}
 o - a scroll of magic mapping {unknown}
 p - a scroll of enchant weapon {unknown}
 u - a scroll of blinking {unknown}
Potions
 e - 2 potions of haste {unknown}
Comestibles
 c - 4 rations
 z - 3 chunks of flesh


   Skills:
 + Level 3.5 Fighting
 + Level 3.6 Polearms
 + Level 0.9 Throwing
 + Level 2.1 Armour
 + Level 2.4 Dodging
 + Level 1.0 Stealth


You had 3 spell levels left.
You didn't know any spells.
Your spell library was empty.

Dungeon Overview and Level Annotations

Branches:
Dungeon (2/15)

Altars:
Makhleb

Annotations:
D:2 Robin


Message History

The goblin barely misses you. The adder bites you.
* * * LOW HITPOINT WARNING * * *
It was a potion of lignification.
You turn into a tree.
Your +0 animal skin melds into your body.
Your roots penetrate the ground.
The adder bites you but does no damage. The goblin hits you but does no damage.
Robin hits you but does no damage. The adder bites you.
* * * LOW HITPOINT WARNING * * *
The goblin hits you but does no damage.
The hobgoblin hits you but does no damage.
You hit Robin but do no damage.
Robin is almost dead.
The adder bites you but does no damage. Robin hits you but does no damage.
The goblin hits you but does no damage.
The hobgoblin hits you but does no damage.
The adder bites you but does no damage.
You hit Robin but do no damage.
Robin is almost dead.
Robin zaps a wand.
The puff of flame hits you!
You die...

.gggg......
#.#......([..
#.#..g.g.....
............. #.#
...$... #.# #...#
#. ####.###g#
#.##..Sg##..#
##.#.#....♣#).##
#..#......gg.##
.........)g.## ## .
#..........##..
..##.#.......>.....
..................<
..##...............
...................
...........P..P....


You could see Robin, an adder, a hobgoblin and 2 goblins.

Vanquished Creatures
  Terence (D:2)
  3 bats
  5 giant cockroaches
  11 goblins
  6 hobgoblins
  A frilled lizard (D:1)
  3 kobolds (D:1)
  2 rats (D:1)
32 creatures vanquished.

Notes
Turn   | Place    | Note
-------+----------+-------------------------------------------
     0 | D:1      | Kyoukon the Human Berserker began the quest for the Orb.
     0 | D:1      | Reached XP level 1. HP: 18/18 MP: 1/1
   214 | D:1      | Reached XP level 2. HP: 13/24 MP: 2/2
   718 | D:1      | Found a burning altar of Makhleb.
  1284 | D:2      | Reached XP level 3. HP: 29/29 MP: 3/3
  1288 | D:2      | Reached ** piety under Trog
  1372 | D:2      | Noticed Terence
  1373 | D:2      | Noticed Robin
  1380 | D:2      | Killed Terence
  1380 | D:2      | Reached skill level 1 in Stealth
  1380 | D:2      | Reached XP level 4. HP: 21/35 MP: 4/4
  1398 | D:2      | Killed from afar by Robin

Skill      XL: |  1  2  3 |
---------------+----------+-----
Stealth        | 1 |  1.0
Fighting       | |  3.5
Polearms       | |  3.6
Throwing       | |  0.9
Armour         | |  2.1
Dodging        | |  2.4

Action                   |  1- 3 |  4- 6 || total
-------------------------+-------+-------++-------
Melee: Spear             |    93 |    13 ||   106
Throw: Stone             |    39 |       ||    39
Invok: Berserk           |     4 |       ||     4
       Trog's Hand       |     1 |       ||     1
  Use: Potion            |     1 |     1 ||     2
       Scroll            |     1 |       ||     1
  Eat: Chunk             |     2 |       ||     2
       Ration            |     1 |       ||     1
Armor: Animal skin       |    28 |     2 ||    30
       Skin              |       |     9 ||     9
Dodge: Dodged            |    61 |     4 ||    65
